General information
- name: BNet
- type: Ladder team game (AT/RT)
- host: Battle.net
- saver: FalseDawn
map: GolemsInTheMist
- players: 8
- length: 38:17
- speed: Fast
- version: 1.26 W3XP
- replay type: Public
» download(232 KB)
Players
team 1 (loser)
ThroneWarrior (
pink | 37 APM | 1372 actions | 36:36)
6 Death Knight
3 Death Coil
1 Unholy Aura
2 Death Pact
5 Lich
3 Frost Nova
2 Frost Armor
» actions
| Assign group hotkey | 27 | |
| Basic commands | 4 | |
| Build / train | 75 | |
| Enter build submenu | 31 | |
| Enter hero's abilities submenu | 11 | |
| Give item / drop item | 3 | |
| Right click | 491 | |
| Select / deselect | 262 | |
| Select group hotkey | 356 | |
| Use ability | 112 | |
1372 total
» units
| Acolyte | 11 | |
| Ghoul | 3 | |
| Crypt Fiend | 8 | |
| Frost Wyrm | 8 | |
30 total
» upgrades
| Creature Attack | 3 | |
| Creature Carapace | 2 | |
| Web | 1 | |
| Freezing Breath | 1 | |
7 total
» buildings
| Crypt | 1 | |
| Ziggurat | 16 | |
| Graveyard | 1 | |
| Altar of Darkness | 1 | |
| Tomb of Relics | 1 | |
| Nerubian Tower | 2 | |
| Halls of the Dead | 1 | |
| Spirit Tower | 8 | |
| Black Citadel | 1 | |
| Sacrificial Pit | 1 | |
| Necropolis | 3 | |
| Boneyard | 2 | |
38 total
» build order
00:40 Crypt
00:44 Ziggurat
00:56 Graveyard
01:09 Altar of Darkness
01:20 Tomb of Relics
01:52 Ziggurat
02:22 Nerubian Tower
02:51 Ziggurat
04:41 Halls of the Dead
04:43 Spirit Tower
06:08 Spirit Tower
06:12 Ziggurat
07:36 Ziggurat
07:50 Ziggurat
08:27 Ziggurat
08:42 Spirit Tower
08:50 Nerubian Tower
09:17 Ziggurat
09:20 Ziggurat
10:05 Black Citadel
10:10 Sacrificial Pit
11:15 Spirit Tower
11:18 Ziggurat
11:21 Necropolis
11:31 Spirit Tower
11:32 Spirit Tower
12:11 Spirit Tower
12:34 Boneyard
12:38 Boneyard
12:49 Necropolis
13:18 Spirit Tower
13:21 Ziggurat
14:42 Ziggurat
16:47 Ziggurat
20:51 Ziggurat
20:53 Ziggurat
21:34 Ziggurat
22:27 Necropolis
» items
| Rod of Necromancy | 1 | |
| Sacrificial Skull | 1 | |
| Potion of Healing | 2 | |
| Scroll of Regeneration | 1 | |
| Potion of Mana | 4 | |
| Orb of Corruption | 1 | |
| Scroll of Healing | 1 | |
| Scroll of Town Portal | 2 | |
13 total
FalseDawn (
purple | 76 APM | 2896 actions | 38:17)
6 Archmage
3 Blizzard
2 Brilliance Aura
1 Mass Teleport
» actions
| Assign group hotkey | 95 | |
| Basic commands | 286 | |
| Build / train | 183 | |
| ESC pressed | 5 | |
| Enter build submenu | 51 | |
| Enter hero's abilities submenu | 6 | |
| Give item / drop item | 1 | |
| Right click | 982 | |
| Select / deselect | 363 | |
| Select group hotkey | 668 | |
| Use ability | 256 | |
2896 total
» units
| Peasant | 12 | |
| Footman | 3 | |
| Goblin Shredder | 3 | |
| Goblin Zeppelin | 5 | |
| Goblin Sapper | 36 | |
| Gryphon Rider | 5 | |
64 total
» upgrades
| Swords | 3 | |
| Masonry | 4 | |
| Armor | 3 | |
| Animal War Training | 1 | |
| Sorceress Training | 1 | |
| Magic Sentry | 1 | |
| Lumber Harvesting | 1 | |
14 total
» buildings
| Altar of Kings | 1 | |
| Barracks | 1 | |
| Farm | 10 | |
| Arcane Vault | 1 | |
| Keep | 1 | |
| Blacksmith | 1 | |
| Lumber Mill | 1 | |
| Castle | 2 | |
| Scout Tower | 36 | |
| Guard Tower | 55 | |
| Town Hall | 1 | |
| Gryphon Aviary | 4 | |
| Arcane Sanctum | 1 | |
115 total
» build order
00:48 Altar of Kings
00:50 Barracks
00:53 Farm
01:04 Farm
01:25 Farm
02:33 Farm
02:35 Arcane Vault
04:47 Farm
05:17 Keep
05:23 Blacksmith
06:07 Lumber Mill
07:50 Castle
07:50 Castle
07:53 Scout Tower
07:54 Scout Tower
07:55 Scout Tower
07:56 Scout Tower
07:58 Scout Tower
07:59 Scout Tower
08:23 Guard Tower
08:23 Guard Tower
08:24 Guard Tower
08:24 Guard Tower
08:26 Guard Tower
08:26 Guard Tower
08:26 Guard Tower
08:28 Guard Tower
08:29 Guard Tower
09:04 Town Hall
09:21 Guard Tower
09:21 Guard Tower
09:26 Scout Tower
09:27 Scout Tower
09:29 Scout Tower
09:30 Scout Tower
09:32 Scout Tower
09:33 Scout Tower
09:34 Scout Tower
09:35 Scout Tower
09:57 Guard Tower
09:58 Guard Tower
10:06 Guard Tower
10:49 Guard Tower
10:49 Guard Tower
10:49 Guard Tower
10:50 Guard Tower
11:11 Guard Tower
11:11 Guard Tower
11:11 Guard Tower
11:34 Gryphon Aviary
11:35 Gryphon Aviary
11:36 Gryphon Aviary
11:37 Gryphon Aviary
14:35 Arcane Sanctum
14:50 Scout Tower
14:50 Scout Tower
14:52 Scout Tower
14:55 Scout Tower
14:57 Scout Tower
14:58 Scout Tower
14:59 Scout Tower
15:00 Scout Tower
15:01 Scout Tower
15:22 Guard Tower
15:23 Guard Tower
15:23 Guard Tower
15:28 Guard Tower
15:28 Guard Tower
15:29 Guard Tower
15:29 Guard Tower
15:30 Guard Tower
15:58 Guard Tower
15:59 Guard Tower
16:27 Guard Tower
16:27 Guard Tower
16:27 Guard Tower
19:00 Farm
19:01 Farm
19:13 Farm
19:19 Farm
19:22 Farm
21:29 Scout Tower
21:30 Scout Tower
21:30 Scout Tower
21:38 Scout Tower
21:38 Scout Tower
21:39 Scout Tower
21:40 Scout Tower
21:41 Scout Tower
21:42 Scout Tower
21:43 Scout Tower
21:45 Scout Tower
21:47 Scout Tower
21:48 Scout Tower
22:34 Guard Tower
22:34 Guard Tower
22:34 Guard Tower
23:01 Guard Tower
23:02 Guard Tower
» items
| Scroll of Regeneration | 8 | |
| Mechanical Critter | 3 | |
| Potion of Healing | 2 | |
| Ivory Tower | 2 | |
| Scroll of Town Portal | 5 | |
| Staff of Sanctuary | 1 | |
21 total
BetterCallSaul (
blue | 25 APM | 926 actions | 37:47)
4 Mountain King
2 Storm Bolt
2 Bash
1 Paladin
1 Holy Light
» actions
| Basic commands | 1 | |
| Build / train | 74 | |
| Enter build submenu | 22 | |
| Enter hero's abilities submenu | 5 | |
| Right click | 458 | |
| Select / deselect | 315 | |
| Use ability | 51 | |
926 total
» units
| Peasant | 20 | |
| Footman | 17 | |
| Knight | 11 | |
| Mortar Team | 7 | |
55 total
» upgrades
| Plating | 2 | |
| Swords | 2 | |
| Animal War Training | 1 | |
| Gunpowder | 1 | |
6 total
» buildings
| Altar of Kings | 1 | |
| Farm | 7 | |
| Barracks | 3 | |
| Keep | 2 | |
| Blacksmith | 1 | |
| Arcane Vault | 1 | |
| Scout Tower | 3 | |
| Arcane Tower | 1 | |
| Lumber Mill | 2 | |
| Castle | 1 | |
| Guard Tower | 2 | |
| Town Hall | 1 | |
| Workshop | 2 | |
27 total
» build order
01:21 Altar of Kings
01:37 Farm
02:17 Barracks
02:33 Barracks
02:49 Farm
03:43 Farm
04:35 Farm
05:14 Farm
05:57 Keep
06:02 Blacksmith
07:14 Arcane Vault
07:27 Farm
08:42 Scout Tower
09:15 Arcane Tower
12:28 Lumber Mill
12:40 Castle
13:59 Barracks
16:49 Scout Tower
17:41 Guard Tower
22:10 Town Hall
25:36 Scout Tower
25:45 Farm
26:20 Workshop
26:24 Workshop
26:49 Lumber Mill
26:58 Guard Tower
28:17 Keep

»
max40 (
orange | 71 APM | 2468 actions | 34:37)
5 Archmage
3 Summon Water Elemental
2 Brilliance Aura
4 Mountain King
2 Storm Bolt
2 Bash
4 Paladin
2 Holy Light
2 Divine Shield
» actions
| Assign group hotkey | 19 | |
| Build / train | 108 | |
| Enter build submenu | 52 | |
| Enter hero's abilities submenu | 15 | |
| Give item / drop item | 3 | |
| Remove unit from queue | 2 | |
| Right click | 835 | |
| Select / deselect | 432 | |
| Select group hotkey | 874 | |
| Use ability | 128 | |
2468 total
» units
| Peasant | 9 | |
| Footman | 5 | |
| Goblin Shredder | 1 | |
| Goblin Zeppelin | 1 | |
| Gryphon Rider | 5 | |
| Dragonhawk Rider | 3 | |
| Priest | 2 | |
| Sorceress | 1 | |
| Siege Engine | 7 | |
34 total
» upgrades
| Swords | 3 | |
| Armor | 4 | |
| Animal War Training | 1 | |
| Storm Hammers | 1 | |
| Cloud | 1 | |
| Masonry | 3 | |
| Priest Training | 2 | |
| Sorceress Training | 2 | |
| Control Magic | 1 | |
| Gunpowder | 2 | |
| Plating | 1 | |
| Magic Sentry | 1 | |
| Barrage | 1 | |
23 total
» buildings
| Farm | 14 | |
| Altar of Kings | 1 | |
| Barracks | 1 | |
| Lumber Mill | 1 | |
| Keep | 2 | |
| Blacksmith | 2 | |
| Arcane Vault | 2 | |
| Castle | 2 | |
| Gryphon Aviary | 3 | |
| Town Hall | 2 | |
| Arcane Sanctum | 2 | |
| Scout Tower | 14 | |
| Guard Tower | 11 | |
| Workshop | 6 | |
63 total
» build order
00:30 Farm
00:58 Altar of Kings
01:11 Farm
01:18 Barracks
01:53 Farm
02:14 Farm
02:32 Lumber Mill
02:59 Farm
03:25 Keep
04:25 Farm
04:39 Blacksmith
04:55 Arcane Vault
05:50 Castle
06:01 Gryphon Aviary
06:29 Gryphon Aviary
06:34 Gryphon Aviary
06:40 Farm
09:22 Town Hall
10:12 Farm
11:18 Arcane Sanctum
14:50 Arcane Sanctum
17:25 Farm
20:56 Town Hall
20:58 Scout Tower
21:00 Scout Tower
21:04 Scout Tower
21:46 Guard Tower
22:26 Guard Tower
22:39 Arcane Vault
22:42 Scout Tower
22:47 Scout Tower
22:59 Scout Tower
23:24 Guard Tower
23:35 Guard Tower
23:39 Scout Tower
23:56 Scout Tower
24:06 Keep
24:09 Guard Tower
24:27 Guard Tower
24:29 Farm
25:33 Scout Tower
25:36 Scout Tower
26:06 Guard Tower
26:17 Blacksmith
26:53 Castle
27:40 Scout Tower
27:53 Workshop
27:55 Workshop
27:58 Workshop
28:02 Workshop
28:13 Guard Tower
28:16 Scout Tower
28:49 Guard Tower
29:11 Workshop
29:15 Workshop
29:17 Scout Tower
29:25 Scout Tower
29:47 Guard Tower
30:37 Guard Tower
30:48 Farm
31:39 Farm
31:41 Farm
33:43 Farm
» items
| Rod of Necromancy | 1 | |
| Scroll of Regeneration | 1 | |
| Potion of Healing | 11 | |
| Orb of Fire | 1 | |
| Scroll of Town Portal | 3 | |
17 total
team 2 (winner)
FearMePlz-PUFF (
green | 30 APM | 525 actions | 17:43)
3 Demon Hunter
2 Mana Burn
1 Evasion
2 Keeper of the Grove
1 Entangling Roots
1 Force of Nature
» actions
| Basic commands | 39 | |
| Build / train | 44 | |
| Enter build submenu | 19 | |
| Enter hero's abilities submenu | 5 | |
| Remove unit from queue | 2 | |
| Right click | 197 | |
| Select / deselect | 192 | |
| Use ability | 27 | |
525 total
» units
| Wisp | 15 | |
| Huntress | 7 | |
| Mountain Giant | 2 | |
| Dryad | 5 | |
29 total
» upgrades
| Abolish Magic | 1 | |
| Strength of the Wild | 1 | |
2 total
» buildings
| Altar of Elders | 1 | |
| Moon Well | 7 | |
| Hunter's Hall | 1 | |
| Ancient of War | 1 | |
| Ancient of Wonders | 1 | |
| Tree of Ages | 2 | |
| Ancient of Lore | 2 | |
| Tree of Life | 2 | |
| Ancient of Wind | 1 | |
18 total
» build order
00:08 Altar of Elders
00:30 Moon Well
01:40 Hunter's Hall
01:46 Moon Well
02:13 Ancient of War
02:59 Moon Well
03:05 Ancient of Wonders
03:26 Tree of Ages
03:26 Tree of Ages
04:55 Moon Well
05:53 Ancient of Lore
06:36 Ancient of Lore
07:31 Moon Well
10:13 Moon Well
10:20 Moon Well
11:19 Tree of Life
12:43 Ancient of Wind
15:49 Tree of Life
» items

»
CosmosIsAwesome (
red | 110 APM | 2039 actions | 18:31)
5 Keeper of the Grove
3 Entangling Roots
2 Thorns Aura
2 Priestess of the Moon
1 Trueshot Aura
1 Searing Arrows
» actions
| Assign group hotkey | 25 | |
| Build / train | 66 | |
| Enter build submenu | 21 | |
| Enter hero's abilities submenu | 8 | |
| Right click | 1039 | |
| Select / deselect | 438 | |
| Select group hotkey | 384 | |
| Use ability | 58 | |
2039 total
» units
| Wisp | 25 | |
| Archer | 12 | |
| Huntress | 5 | |
| Dryad | 2 | |
| Druid of the Claw | 4 | |
48 total
» upgrades
| Strength of the Moon | 1 | |
| Improved Bows | 1 | |
| Strength of the Wild | 1 | |
| Druid of the Claw Training | 2 | |
| Marksmanship | 1 | |
| Moon Armor | 1 | |
7 total
» buildings
| Altar of Elders | 1 | |
| Moon Well | 9 | |
| Ancient of War | 2 | |
| Hunter's Hall | 1 | |
| Tree of Ages | 1 | |
| Tree of Life | 2 | |
| Ancient Protector | 2 | |
| Ancient of Lore | 2 | |
| Tree of Eternity | 1 | |
21 total
» build order
00:07 Altar of Elders
00:16 Moon Well
01:46 Ancient of War
01:59 Hunter's Hall
02:06 Ancient of War
02:22 Moon Well
02:53 Moon Well
05:06 Tree of Ages
05:53 Tree of Life
06:31 Ancient Protector
06:33 Ancient Protector
09:21 Ancient of Lore
09:26 Moon Well
09:27 Moon Well
10:05 Tree of Eternity
10:08 Moon Well
13:30 Moon Well
13:30 Moon Well
14:39 Moon Well
14:45 Ancient of Lore
16:55 Tree of Life
ocean-resider (
yellow | 72 APM | 2751 actions | 38:17)
10 Blood Mage
3 Flame Strike
2 Banish
2 Summon Phoenix
3 Siphon Mana
1 Keeper of the Grove
1 Tranquility
» actions
| Assign group hotkey | 66 | |
| Basic commands | 12 | |
| Build / train | 113 | |
| Enter build submenu | 29 | |
| Enter hero's abilities submenu | 10 | |
| Give item / drop item | 1 | |
| Remove unit from queue | 3 | |
| Right click | 1058 | |
| Select / deselect | 333 | |
| Select group hotkey | 923 | |
| Use ability | 203 | |
2751 total
» units
| Peasant | 15 | |
| Goblin Shredder | 2 | |
| Gryphon Rider | 3 | |
| Mortar Team | 2 | |
| Goblin Sapper | 3 | |
| Dragonhawk Rider | 5 | |
| Goblin Zeppelin | 1 | |
| Dryad | 3 | |
| Frost Wyrm | 3 | |
| Sorceress | 1 | |
38 total
» upgrades
| Masonry | 3 | |
| Swords | 2 | |
| Armor | 2 | |
| Gunpowder | 1 | |
| Cloud | 1 | |
| Sorceress Training | 1 | |
10 total
» buildings
| Altar of Kings | 1 | |
| Farm | 13 | |
| Scout Tower | 38 | |
| Arcane Tower | 1 | |
| Lumber Mill | 1 | |
| Arcane Vault | 1 | |
| Town Hall | 2 | |
| Guard Tower | 23 | |
| Keep | 1 | |
| Blacksmith | 1 | |
| Castle | 1 | |
| Gryphon Aviary | 6 | |
| Workshop | 1 | |
| Barracks | 1 | |
| Spirit Tower | 2 | |
| Arcane Sanctum | 1 | |
94 total
» build order
00:19 Altar of Kings
00:25 Farm
00:58 Scout Tower
01:06 Farm
01:27 Arcane Tower
01:33 Lumber Mill
02:17 Farm
02:22 Arcane Vault
03:50 Town Hall
03:53 Scout Tower
03:53 Scout Tower
03:54 Scout Tower
04:29 Guard Tower
04:33 Scout Tower
04:33 Scout Tower
05:34 Keep
05:52 Guard Tower
05:52 Guard Tower
06:03 Scout Tower
06:04 Scout Tower
06:05 Scout Tower
06:05 Scout Tower
06:09 Scout Tower
06:09 Scout Tower
06:24 Farm
06:56 Guard Tower
07:02 Guard Tower
07:04 Blacksmith
07:09 Guard Tower
07:09 Guard Tower
07:42 Scout Tower
07:42 Scout Tower
07:43 Scout Tower
07:44 Scout Tower
07:44 Scout Tower
07:44 Scout Tower
08:29 Castle
08:30 Guard Tower
08:31 Guard Tower
08:31 Guard Tower
08:34 Guard Tower
09:27 Gryphon Aviary
09:27 Gryphon Aviary
09:29 Gryphon Aviary
09:30 Gryphon Aviary
09:32 Gryphon Aviary
09:40 Farm
09:41 Farm
09:42 Farm
09:42 Farm
09:44 Farm
09:44 Farm
09:50 Gryphon Aviary
10:13 Workshop
12:07 Farm
12:07 Farm
12:23 Barracks
16:37 Town Hall
16:38 Scout Tower
16:39 Scout Tower
16:40 Scout Tower
16:40 Scout Tower
16:40 Scout Tower
16:50 Farm
17:27 Guard Tower
17:47 Guard Tower
19:42 Spirit Tower
19:43 Spirit Tower
20:04 Scout Tower
20:04 Scout Tower
20:05 Scout Tower
20:05 Scout Tower
20:06 Scout Tower
20:07 Scout Tower
20:07 Scout Tower
21:50 Guard Tower
21:50 Guard Tower
21:53 Scout Tower
21:53 Scout Tower
21:53 Scout Tower
22:04 Guard Tower
22:07 Scout Tower
22:07 Scout Tower
22:24 Guard Tower
22:27 Scout Tower
22:28 Scout Tower
22:28 Scout Tower
22:29 Guard Tower
22:29 Guard Tower
22:56 Guard Tower
22:57 Guard Tower
23:55 Guard Tower
29:09 Arcane Sanctum
» items
| Scroll of Regeneration | 7 | |
| Scroll of Town Portal | 5 | |
| Potion of Healing | 3 | |
| Staff of Sanctuary | 1 | |
16 total

»
NigaZ (
teal | 47 APM | 869 actions | 18:25)
4 Death Knight
2 Unholy Aura
2 Death Coil
» actions
| Basic commands | 78 | |
| Build / train | 37 | |
| Enter build submenu | 14 | |
| Enter hero's abilities submenu | 4 | |
| Right click | 537 | |
| Select / deselect | 171 | |
| Use ability | 28 | |
869 total
» units
| Acolyte | 3 | |
| Ghoul | 3 | |
| Crypt Fiend | 12 | |
| Frost Wyrm | 2 | |
20 total
» upgrades
| Creature Attack | 2 | |
| Web | 1 | |
| Creature Carapace | 2 | |
| Freezing Breath | 1 | |
6 total
» buildings
| Altar of Darkness | 1 | |
| Ziggurat | 6 | |
| Crypt | 2 | |
| Tomb of Relics | 1 | |
| Graveyard | 1 | |
| Halls of the Dead | 1 | |
| Nerubian Tower | 1 | |
| Black Citadel | 1 | |
| Sacrificial Pit | 1 | |
| Boneyard | 2 | |
17 total
» build order
00:36 Altar of Darkness
00:47 Ziggurat
00:57 Crypt
01:10 Tomb of Relics
01:35 Graveyard
02:12 Ziggurat
03:54 Ziggurat
05:07 Halls of the Dead
05:13 Ziggurat
05:16 Nerubian Tower
06:23 Crypt
10:07 Ziggurat
10:09 Ziggurat
11:19 Black Citadel
11:55 Sacrificial Pit
13:42 Boneyard
14:48 Boneyard
» items
| Sacrificial Skull | 1 | |
| Rod of Necromancy | 1 | |
| Scroll of Town Portal | 1 | |
3 total
Chat log
(00:09 / Allies) FalseDawn: I'm expoing the island up here
(00:20 / Allies) FalseDawn: and expoing blue's base if he's AFK as he looks
(00:53 / Allies) max40: foots gryphons
(00:54 / Allies) max40: archmage
(01:56 / Allies) max40: units heros guys
(02:00 / Allies) max40: archmage foots gyrphons here
(02:17 / Allies) ThroneWarrior: fiends frosties
(02:25 / All) FalseDawn: Red you may have a maphack but I have chathack
(02:27 / All) FalseDawn: You shitbag
(02:34 / All) CosmosIsAwesome: rofl
(02:41 / All) ocean-resider: wut is everyone's opinion of kodos forsaken
(02:41 / All) max40: shitty
(02:45 / All) FalseDawn: You're trash and will eat my shit and drown in it
(02:52 / All) max40: fuckin shitty hackers
(02:53 / All) FalseDawn: Maphacking filth
(02:54 / All) max40: ruining the game
(02:55 / All) NigaZ: lol even if he did maphack you cant complain hacks are hacks
(03:01 / All) FalseDawn: Red is a maphacker
(03:05 / All) CosmosIsAwesome: i dont have hacks
(03:11 / All) FalseDawn: Yes you do you said it in your allied chat
(03:13 / All) NigaZ: and youre a chat hacker? still hacking?
(03:25 / All) FalseDawn: it's just chat hack
(03:34 / All) FalseDawn: don't discuss shit I can't hear it
(03:35 / All) FearMePlz-PUFF: yeah...strategies
(03:36 / All) NigaZ: with chat hacking you know our movemenets too
(03:43 / All) FearMePlz-PUFF: you can know what races our randos are
(06:45 / Allies) FalseDawn: gj
(06:58 / All) FalseDawn: eat shit maphacker
(10:35 / All) ocean-resider: laggerrrrr
(11:27 / All) FalseDawn: I really hope you were kidding when you said you hacked
(11:30 / All) FalseDawn: if you do that's pathetic
(14:21 / Allies) max40: we just got right fucked
(15:14 / Allies) max40: GO
(15:14 / Allies) max40: GO
(15:25 / Allies) max40: all that def useless now
(15:26 / Allies) max40: gg
(15:33 / All) CosmosIsAwesome: QUICK
(15:39 / All) CosmosIsAwesome: MOAR TOWERZ
(15:40 / Allies) ThroneWarrior: back
(16:48 / Allies) max40: u guys keep turtling
(16:51 / Allies) max40: where the fuck are u
(16:57 / Allies) FalseDawn: I wask illing red's t3 hall
(17:05 / Allies) max40: purp massing def
(17:50 / All) CosmosIsAwesome: who downloads just the chat hax
(17:53 / All) CosmosIsAwesome: fag
(18:28 / All) max40: lol
(18:31 / All) max40: hacker shit
(18:34 / All) FalseDawn: it doesn't actually exist
(22:02 / All) max40: drophack?
(22:08 / All) FalseDawn: yellow is hacker LOL
(22:11 / All) FalseDawn: 2 hackers
(22:15 / All) ocean-resider: dont blame me for ur shitty ass stone age internet
(25:48 / All) FalseDawn: lol orange just got every unit shackled
(26:00 / All) max40: wp
(27:13 / Allies) max40: ALL TP NOW
(29:53 / All) FalseDawn: WTF
(29:56 / All) FalseDawn: PINK KILLED MY ZEPPELIN
(30:01 / Allies) FalseDawn: pink are you fucking serious
(30:02 / Allies) max40: why
(30:03 / Allies) FalseDawn: are you going to tk
(30:06 / Allies) max40: why tk now
(30:10 / Allies) max40: cmon pink
(30:12 / Allies) ThroneWarrior: he's blowing up my shit
(30:12 / Allies) max40: fuck man
(30:13 / Allies) FalseDawn: pink is a tker
(30:15 / Allies) FalseDawn: wtf lol
(30:16 / Allies) max40: this one guy is gonna kill us now
(30:17 / Allies) FalseDawn: i didn't do shit
(30:17 / Allies) max40: great
(30:21 / Allies) FalseDawn: you blew up my zeppelin
(30:21 / Allies) max40: guys relax
(30:25 / Allies) max40: COME WITH ME IG OT TANKS
(30:27 / Allies) FalseDawn: kill pink before he makes us lose
(30:28 / Allies) max40: fininsh this fuckin shit
(30:52 / Allies) max40: ALL MEET NOW
(30:53 / Allies) FalseDawn: fucking tk
(30:53 / Allies) max40: OR WE LOSE
(30:55 / Allies) FalseDawn: coming in a sec
(31:00 / Allies) max40: stop it
(31:07 / Allies) max40: kill him after u kill the one other guy
(31:08 / Allies) FalseDawn: he's a tker
(31:10 / Allies) FalseDawn: k
(31:14 / Allies) FalseDawn: coming
(31:46 / Allies) max40: DONT FIGHT ALONE
(31:47 / Allies) max40: WTF
(31:48 / Allies) max40: WOW
(31:52 / Allies) max40: hes gonna win
(31:53 / Allies) FalseDawn: fucking noob
(31:55 / Allies) max40: cuz hes together
(31:57 / Allies) max40: fuck guys CMON
(31:58 / Allies) max40: meet
(32:00 / Allies) FalseDawn: orange we have tk pink and noob blue
(32:06 / Allies) FalseDawn: no chance its over man game over
(32:52 / Allies) FalseDawn: noob tker
(32:55 / Allies) FalseDawn: get out
(33:33 / All) FalseDawn: WTF
(33:35 / All) FalseDawn: I CANT CONTROL MY SHIT
(33:43 / All) FalseDawn: ................
(33:47 / All) FalseDawn: its making me kill the orange tanks
(33:49 / All) FalseDawn: yellow
(33:53 / All) FalseDawn: are you a ufcking control hacker?
(34:01 / All) FalseDawn: fucking hackers
(34:05 / All) FalseDawn: you tried to drophack orange
(34:08 / All) FalseDawn: and had maphacker friend
(34:09 / All) FalseDawn: fucker
(34:27 / Allies) FalseDawn: sorry man icant help it
(34:29 / Allies) FalseDawn: i cant control my shit
(34:32 / Allies) FalseDawn: its fucking control hacker
(34:34 / All) max40: well fuck u then
(34:39 / Allies) FalseDawn: omfg
(36:29 / Allies) BetterCallSaul: what are u doing purple
(36:33 / Allies) BetterCallSaul: moron
(36:42 / All) FalseDawn: Blue
(36:47 / All) FalseDawn: I sappered orange, pink and you literally all game
(36:51 / All) FalseDawn: and killed halls multiple times
(36:53 / All) FalseDawn: none of you ever noticed lol
(36:58 / All) BetterCallSaul: i did
(37:01 / Allies) BetterCallSaul: asshole
(37:02 / All) FalseDawn: you didn't say anything
(37:19 / Allies) BetterCallSaul: pink said it for me
(37:42 / Allies) BetterCallSaul: well enjoy being a douche
(37:46 / Allies) FalseDawn: You stay you get a loss
(37:49 / All) FalseDawn: LOL
(37:55 / All) FalseDawn: I tked all game and they never even noticed
(38:00 / All) FalseDawn: I'd buy sappers your side and mass tp them even
(38:01 / All) ocean-resider: gj
(38:07 / All) FalseDawn: I say my team gets the loss
(38:09 / All) FalseDawn: What say you?
(38:14 / All) ocean-resider: yes